 Dungeon Crawl Stone Soup version 0.20.0-15-g7f486f2 (webtiles) character file.

201 renl the Chopper (level 5, -1/46 HPs)
             Began as a Hill Orc Berserker on June 22, 2017.
             Was a Priest of Trog.
             Slain by Duvessa
             ... wielding a +0 short sword
              (5 damage)
             ... on level 4 of the Dungeon.
             The game lasted 00:10:08 (2166 turns).

renl the Chopper (Hill Orc Berserker)               Turns: 2166, Time: 00:10:09

Health: -1/46      AC:  9    Str: 21    XL:     5   Next: 79%
Magic:  0/5        EV: 10    Int:  7    God:    Trog [***...]
Gold:   123        SH:  8    Dex: 19    Spells: 4/4 levels left

rFire    . . .     SeeInvis .   a - +0 hand axe
rCold    . . .     Gourm    .   s - +0 shield (curse)
rNeg     . . .     Faith    .   m - +0 chain mail
rPois    .         Spirit   +   (no helmet)
rElec    .         Reflect  .   (no cloak)
rCorr    .         Harm     .   (no gloves)
MR       ++...                  (no boots)
Stlth    ..........             l - amulet of guardian spirit
Regen    1.2/turn               k - +4 ring of dexterity
MPRegen  0.1/turn               (no ring)

@: agile, berserk cooldown, regenerating, slowed, very slow
A: no striking features
a: Berserk, Trog's Hand, Burn Spellbooks, Renounce Religion


You were on level 4 of the Dungeon.
You worshipped Trog.
Trog was most pleased with you.
You were very hungry.

You visited 1 branch of the dungeon, and saw 4 of its levels.

You collected 123 gold pieces.

Inventory:

Hand Weapons
 a - a +0 hand axe (weapon)
Missiles
 h - 2 tomahawks (quivered)
Armour
 m - a +0 chain mail (worn)
 s - a cursed +0 shield (worn)
Jewellery
 k - a +4 ring of dexterity (left hand)
 l - an amulet of guardian spirit (around neck)
Scrolls
 d - 3 scrolls of identify
 e - 2 scrolls of fear {unknown}
 p - a scroll of enchant weapon {unknown}
 q - a scroll of amnesia {unknown}
Potions
 b - a potion of curing {unknown}
 g - 3 potions of agility
 i - a potion of ambrosia {unknown}
 j - a potion of flight {unknown}
 r - 2 potions of resistance {unknown}
Comestibles
 c - 3 bread rations
 f - 4 chunks of flesh
 n - a royal jelly
 o - a meat ration


   Skills:
 + Level 4.3 Fighting
 * Level 7.4 Axes
 + Level 2.8 Armour
 + Level 1.7 Dodging


You had 4 spell levels left.
You didn't know any spells.

Dungeon Overview and Level Annotations

Branches:
Dungeon (4/15)
 Temple: D:4-7

Altars:
Fedhas
Gozag
Vehumet

Annotations:
D:4 Duvessa


Message History

Duvessa hits you with a short sword! You block Duvessa's attack.
You block Duvessa's attack. Duvessa hits you with a short sword!
Duvessa hits you with a short sword.
* * * LOW HITPOINT WARNING * * *
You block Duvessa's attack. You block Duvessa's attack.
As you read the scroll labeled ELUDUX RERCHO, it crumbles to dust.
It is a scroll of identify.
g - 4 potions of agility Duvessa hits you with a short sword!
* * * LOW HITPOINT WARNING * * *
Duvessa hits you but does no damage.
You feel agile all of a sudden. Duvessa hits you but does no damage.
You block Duvessa's attack.
You closely miss Duvessa.
Duvessa is moderately wounded.
You block Duvessa's attack. Duvessa hits you with a short sword.
You die...

#.. ##### #.# ##. ### #
#.####.## #.# . #.......## #.#
# #)##..... #.# # #.##(...
##.## # ##.##.#.# ##...## #
.#######.#.#.#.###..[..#######
........###.e@................
########.#.#.#.###.....#######
##...........)...... ..
#.#.#.................
#.##.################# #(####
..# ###


You could see Duvessa (berserk).

Vanquished Creatures
  Dowan (D:4)
  2 orc wizards (D:3)
  An adder (D:3)
  A worm (D:3)
  A dart slug (D:1)
  2 leopard geckos
  7 orcs (D:3)
  4 giant cockroaches
  5 goblins
  4 hobgoblins
  13 jackals (D:3)
  A ball python (D:2)
  12 bats
  5 frilled lizards
  4 kobolds
  7 rats
70 creatures vanquished.

Notes
Turn   | Place    | Note
-------+----------+-------------------------------------------
     0 | D:1      | renl the Hill Orc Berserker began the quest for the Orb.
     0 | D:1      | Reached XP level 1. HP: 19/19 MP: 1/1
   186 | D:1      | Reached XP level 2. HP: 20/27 MP: 2/2
   838 | D:2      | Reached XP level 3. HP: 33/33 MP: 3/3
   858 | D:2      | Found an opulent altar of Gozag.
   861 | D:2      | Reached skill level 5 in Axes
   876 | D:2      | Reached ** piety under Trog
   910 | D:2      | Found a radiant altar of Vehumet.
  1298 | D:2      | Found a blossoming altar of Fedhas.
  1473 | D:3      | Reached skill level 6 in Axes
  1473 | D:3      | Reached XP level 4. HP: 24/40 MP: 2/4
  1559 | D:3      | Reached XP level 5. HP: 26/46 MP: 3/5
  1807 | D:3      | Reached *** piety under Trog
  2139 | D:4      | Noticed Duvessa
  2139 | D:4      | Noticed Dowan
  2153 | D:4      | Killed Dowan
  2153 | D:4      | Reached skill level 7 in Axes
  2164 | D:4      | HP: 1/46 [Duvessa/short sword (14)]
  2166 | D:4      | Slain by Duvessa

Skill      XL: |  1  2  3  4  5 |
---------------+----------------+-----
Fighting       | 4 |  4.3
Axes           | 6 7 |  7.4
Armour         | |  2.8
Dodging        | |  1.7

Action                   |  1- 3 |  4- 6 || total
-------------------------+-------+-------++-------
Melee: Hand axe          |   112 |   109 ||   221
Invok: Berserk           |     1 |     2 ||     3
       Trog's Hand       |       |     1 ||     1
  Use: Scroll            |       |     1 ||     1
       Potion            |       |     1 ||     1
  Eat: Chunk             |     2 |     4 ||     6
Armor: Animal skin       |    13 |       ||    13
       Ring mail         |    21 |       ||    21
       Chain mail        |    37 |    63 ||   100
Dodge: Dodged            |    69 |    37 ||   106
Block: Shield            |       |    11 ||    11
       Buckler           |       |     7 ||     7
